AoeStats
← Dambo__

Arabia

509372174Analyzed
1v1 RM · 5d ago on Sep 26, 2026· 32m 39s· 2 players
Game mode
Random Map
Map size
Tiny (2 player)
Population
200
Speed
Normal
Resources
Standard
Victory
Conquest
Starting age
Dark Age
Ending age
Imperial Age
RankedLock teamsTeams togetherTeam positionsShared explorationLock speedFull tech treeHidden civsTurbo modeCheats
Victory
Defeat
🇩🇪 Romans · Germany
1293
+16
🇵🇱 Lithuanians · Poland
1297
-16
r8ndom
6:21 Loom
9:32 Feudal Age
10:13 Double-Bit Axe
10:13 Man-at-Arms
11:03 Horse Collar
18:43 Wheelbarrow
19:13 Scale Mail Armor
22:55 Castle Age
21:51 Forging
22:22 Fletching
24:12 Bow Saw
24:03 Heavy Plow
23:55 Pikeman
24:02 Long Swordsman
25:49 Padded Archer Armor
26:16 Chain Mail Armor
26:13 Pikeman
Dambo__
7:24 Loom
9:32 Feudal Age
10:16 Man-at-Arms
14:18 Horse Collar
14:27 Double-Bit Axe
18:29 Fletching
19:08 Gold Mining
21:41 Horse Collar
25:27 Castle Age
24:57 Scale Barding Armor
25:31 Bloodlines
25:52 Forging
26:30 Bow Saw
30:46 Heavy Plow
Connection lost

Rejoining the realm…

Still unreachable

The connection could not be restored.

Session expired

The server has moved on; the page needs a fresh start.